 Dungeon Crawl Stone Soup version 0.28-a0-1213-g0243856f03 (webtiles) character file.

Game seed: 9100828354141022165

2120 r3xj the Cleaver (level 9, -1/75 HPs)
             Began as a Minotaur Fighter on Dec 21, 2021.
             Was a Priest of Cheibriados.
             Slain by a gargoyle (14 damage)
             ... on level 8 of the Dungeon.
             The game lasted 00:10:38 (5184 turns).

r3xj the Cleaver (Minotaur Fighter)                 Turns: 5184, Time: 00:10:39

Health: -1/75      AC: 13    Str: 33    XL:     9   Next: 8%
Magic:  6/8        EV: 10    Int: 12    God:    Cheibriados [***...]
Gold:   245        SH:  5    Dex: 16    Spells: 8/8 levels left

rFire   + . .      SeeInvis .   a - +0 war axe
rCold   . . .      Faith    .   c - +0 buckler
rNeg    . . .      Spirit   .   i - +1 scale mail {rF+}
rPois   .          Reflect  .   D - +2 hat
rElec   .          Harm     .   (no cloak)
rCorr   .          Rampage  .   t - +1 pair of gloves
Will    .....                   B - +0 pair of boots
Stlth   ..........              (no amulet)
HPRegen 0.22/turn               (no ring)
MPRegen 0.11/turn               (no ring)

@: very slow
A: horns 2, retaliatory headbutt
a: Renounce Religion, Bend Time, Temporal Distortion


You were on level 8 of the Dungeon.
You worshipped Cheibriados.
Cheibriados was most pleased with you.
You visited 2 branches of the dungeon, and saw 9 of its levels.

You collected 245 gold pieces.

Inventory:

Hand Weapons
 a - a +0 war axe (weapon)
 r - a +0 morningstar
Missiles
 C - 28 poisoned darts (quivered)
Armour
 c - a +0 buckler (worn)
 i - a +1 scale mail of fire resistance (worn)
 t - a +1 pair of gloves (worn)
 B - a +0 pair of boots (worn)
 D - a +2 hat (worn)
Jewellery
 b - a ring of positive energy
 v - a ring of ice
 E - a +6 ring of dexterity
 I - an amulet of magic regeneration
Wands
 A - a wand of digging (4)
 F - a wand of iceblast (7)
 H - a wand of flame (9)
Scrolls
 e - 2 scrolls of enchant armour {unknown}
 f - a scroll of amnesia {unknown}
 g - 2 scrolls of blinking {unknown}
 h - 6 scrolls of identify {unknown}
 k - 2 scrolls of enchant weapon {unknown}
 l - 4 scrolls of teleportation {unknown}
 q - 2 scrolls of fog {unknown}
 x - a scroll of acquirement {unknown}
 y - 2 scrolls of silence {unknown}
 G - a scroll of summoning {unknown}
Potions
 d - 2 potions of might
 j - 2 potions of attraction {unknown}
 m - 3 potions of curing {unknown}
 n - a potion of heal wounds {unknown}
 o - a potion of haste {unknown}
 p - a potion of ambrosia {unknown}
 s - a potion of lignification {unknown}
 u - 2 potions of degeneration {unknown}
 w - a potion of brilliance {unknown}
 z - a potion of mutation {unknown}


   Skills:
 - Level 6.0 Fighting
 + Level 13.4 Axes
 - Level 3.8 Armour
 - Level 4.0 Shields


You had 8 spell levels left.
You didn't know any spells.
Your spell library contained the following spells:

 Spells                   Type           Power      Damage    Failure   Level
 Conjure Flame            Conj/Fire      0%         6-21      88%         3
 Ignite Poison            Fire/Tmut/Pois 0%         N/A       88%         3
 Stone Arrow              Conj/Erth      0%         3d7       88%         3
 Animate Armour           Summ/Erth      0%         N/A       99%         4
 Sticky Flame             Conj/Fire      0%         2d3       99%         4
 Lehudib's Crystal Spear  Conj/Erth      0%         10d2      100%        8


Dungeon Overview and Level Annotations

Branches:
Dungeon (8/15)             Temple (1/1) D:4
   Lair: D:8-11

Altars:
Ashenzari
Cheibriados
Elyvilon
Fedhas
Gozag
Hepliaklqana
Kikubaaqudgha
Makhleb
Okawaru
Qazlal
Ru
Sif Muna
Uskayaw
Vehumet
Wu Jian
Xom
Zin
The Shining One


Innate Abilities, Weirdness & Mutations

You have a pair of horns on your head.
You reflexively headbutt those who attack you in melee.


Message History

You headbutt the gargoyle, but do no damage.
The gargoyle closely misses you. You furiously retaliate!
You headbutt the gargoyle, but do no damage.
You hit the gargoyle but do no damage. You headbutt the gargoyle.
The gargoyle is lightly damaged.
You barely miss the gargoyle.
The gargoyle is lightly damaged.
The gargoyle hits you with a +0 morningstar!
You slash the gargoyle! Your headbutt misses the gargoyle.
The gargoyle is heavily damaged.
You block the gargoyle's attack.
You barely miss the gargoyle.
The gargoyle is heavily damaged.
You hit the gargoyle but do no damage.
You headbutt the gargoyle, but do no damage.
The gargoyle is heavily damaged.
The gargoyle closely misses you. You furiously retaliate!
You headbutt the gargoyle, but do no damage.
You hit the gargoyle but do no damage. Your headbutt misses the gargoyle.
The gargoyle is heavily damaged.
You hit the gargoyle. You headbutt the gargoyle.
The gargoyle is severely damaged.
The gargoyle hits you with a +0 morningstar!
You completely miss the gargoyle.
The gargoyle is severely damaged.
You barely miss the gargoyle.
You headbutt the gargoyle, but do no damage.
The gargoyle is severely damaged.
The gargoyle hits you with a +0 morningstar.
You hit the gargoyle.
You headbutt the gargoyle, but do no damage.
The gargoyle is severely damaged.
The gargoyle hits you with a +0 morningstar!
* * * LOW HITPOINT WARNING * * *
You barely miss the gargoyle.
The gargoyle is severely damaged.
You barely miss the gargoyle. Your headbutt misses the gargoyle.
The gargoyle is severely damaged.
The gargoyle hits you with a +0 morningstar!
You die...

######.#
#.####...# #.#
#.........
###.##########..##
#.......... #..##
#<#.######.###....
#.#.# #.......#
#.#.# #.......)#
#.#.# #.######.#
##@#.# # #.#
#.9#.# ##.# #.##.#
#... #.# #... #.#
#... ... #... ..#
#... ...# ###.
.... #.######.#


You could see a gargoyle (slow).

Vanquished Creatures
  Sigmund (D:4)
  A steam dragon (D:8)
  A water moccasin (D:6)
  A sky beast (D:5)
  4 ice beasts
  2 black bears (D:6)
  A necrophage (D:6)
  An ogre (D:6)
  3 centaurs
  A bullfrog (D:7)
  A wyvern zombie (D:7)
  A scorpion (D:6)
  A water moccasin skeleton (D:6)
  A howler monkey (D:4)
  A bullfrog zombie (D:7)
  2 hounds
  An orc priest (D:6)
  A centaur skeleton (D:6)
  A bullfrog skeleton (D:5)
  A hound skeleton (D:4)
  6 adders
  A howler monkey skeleton (D:5)
  A shadow imp (D:6)
  2 white imps
  2 adder skeletons (D:4)
  3 worms (D:2)
  A dart slug (D:1)
  The ghost of Bravepunisher the Ducker, a weakling SpMo (D:5)
  8 orcs
  5 endoplasms
  4 giant cockroaches
  5 goblins
  7 hobgoblins
  13 jackals
  3 kobolds
  A quokka (D:1)
  7 ball pythons
  3 bats (D:1)
  2 frilled lizards
  4 rats
106 creatures vanquished.

Vanquished Creatures (others)
  2 withered plants (D:5)
2 creatures vanquished.

Grand Total: 108 creatures vanquished

Notes
Turn   | Place    | Note
-------+----------+-------------------------------------------
     0 | D:1      | r3xj the Minotaur Fighter began the quest for the Orb.
     0 | D:1      | Reached XP level 1. HP: 19/19 MP: 0/0
    57 | D:1      | Reached XP level 2. HP: 27/27 MP: 1/1
   159 | D:1      | Reached skill level 3 in Axes
   294 | D:1      | Reached XP level 3. HP: 33/33 MP: 2/2
   839 | D:2      | Found a faded altar of an unknown god.
  1200 | D:2      | Prayed at the altar of an unknown god.
  1200 | D:2      | Became a worshipper of Cheibriados the Contemplative
  1200 | D:2      | Reached * piety under Cheibriados
  1260 | D:2      | Reached XP level 4. HP: 41/41 MP: 3/3
  1481 | D:2      | Reached skill level 4 in Axes
  2087 | D:3      | Reached skill level 5 in Fighting
  2374 | D:4      | Found a staircase to the Ecumenical Temple.
  2393 | D:4      | Noticed Sigmund
  2404 | D:4      | Killed Sigmund
  2405 | D:4      | Reached skill level 5 in Axes
  2405 | D:4      | Reached XP level 5. HP: 50/50 MP: 4/4
  2428 | D:4      | Noticed a centaur
  2434 | D:4      | Killed a centaur
  2435 | D:4      | Reached skill level 6 in Axes
  2435 | D:4      | Reached XP level 6. HP: 47/57 MP: 5/5
  2566 | D:4      | Reached skill level 7 in Axes
  2668 | D:4      | Reached ** piety under Cheibriados
  2688 | D:4      | Noticed an ice beast
  2695 | D:4      | Killed an ice beast
  2696 | D:4      | Reached XP level 7. HP: 46/63 MP: 6/6
  3104 | Temple   | Entered the Ecumenical Temple
  3114 | D:5      | Entered Level 5 of the Dungeon
  3122 | D:5      | Found a shimmering blue altar of Sif Muna.
  3129 | D:5      | Reached skill level 8 in Axes
  3178 | D:5      | Reached skill level 9 in Axes
  3320 | D:5      | Found an iron altar of Okawaru.
  3379 | D:5      | Found a runed translucent door.
  3379 | D:5      | Noticed Bravepunisher's ghost (weakling SpMo)
  3614 | D:5      | Killed Bravepunisher's ghost
  3709 | D:6      | Reached skill level 10 in Axes
  3709 | D:6      | Reached XP level 8. HP: 64/70 MP: 7/7
  3920 | D:6      | Reached skill level 11 in Axes
  4049 | D:6      | Reached *** piety under Cheibriados
  4074 | D:6      | Reached skill level 12 in Axes
  4528 | D:7      | Found a broken altar of Ashenzari.
  4912 | D:8      | Reached skill level 13 in Axes
  4913 | D:8      | Reached XP level 9. HP: 32/75 MP: 8/8
  5166 | D:8      | Noticed a gargoyle
  5184 | D:8      | Slain by a gargoyle

Illustrated notes

Levels and vault maps discovered:
D:1:      moated_graveyard_arrival, layout_loops_ring,
          chequers_serial_rivers_small_a, minmay_tetromino_s2
D:2:      layout_basic, shapermc_ecumenical_altar_pompeii
D:3:      layout_basic
D:4:      layout_cave_pools, minmay_temple_entry_sparse_star,
          minmay_pentomino_pile, uniq_sigmund
D:5:      layout_rooms, okawaru_metal_pillars_3, nicolae_sif_muna_condensation,
          serial_glass, glass_columns_a, glass_columns_b, gammafunk_ghost_grave
D:6:      layout_rooms
D:7:      layout_cave_pools, lemuel_crystal_altar, chequers_serial_rivers_room_b
D:8:      layout_loops_ring
Temple:   nicolae_temple_no_exploring_needed

Skill      XL: |  1  2  3  4  5  6  7  8 |
---------------+-------------------------+-----
Fighting       | 4 6 |  6.0
Shields        | 4 |  4.0
Axes           | 3 5 6 7 10 13 | 13.4
Armour         | |  3.8

Action                   |  1- 3 |  4- 6 |  7- 9 || total
-------------------------+-------+-------+-------++-------
Melee: War axe           |    99 |    62 |   108 ||   269
       Headbutt          |    20 |    13 |    35 ||    68
Invok: Bend Time         |       |       |     1 ||     1
Armor: Scale mail        |    54 |    32 |    52 ||   138
Dodge: Dodged            |    51 |    31 |    43 ||   125
Block: Buckler           |    20 |    12 |    31 ||    63

Table legend: (Time is in decaauts)
 A = Elapsed time spent in this place.
 B = Non-inter-level travel time spent in this place.
 C = Inter-level travel time spent in this place.
 D = Time resting spent in this place.
 E = Time spent auto-exploring this place.
 F = Levels seen in this place.
 G = Mean time per level.
                   A        B        C        D        E       F      G
               +--------+--------+--------+--------+--------+-----+--------+
         Total |   6626 |   5917 |    709 |    182 |   4862 |   9 |  736.2 |
       Dungeon |   6625 |   5916 |    709 |    182 |   4862 |   8 |  828.1 |
        Temple |      1 |      1 |      0 |      0 |      0 |   1 |    1.0 |
               +--------+--------+--------+--------+--------+-----+--------+

Top non-repeatable levels by time:
     D:2: 1617 daAuts
     D:4: 947 daAuts
     D:6: 849 daAuts
     D:5: 842 daAuts
     D:7: 794 daAuts
     D:1: 712 daAuts
     D:3: 513 daAuts
     D:8: 347 daAuts
  Temple: 1 daAuts
